 Dungeon Crawl Stone Soup version 0.30-a0-341-g682706514a (webtiles) character file.

Game seed: 1112494570529272140

3605 ryw the Nimble (level 9, -16/43 HPs)
             Began as a Felid Summoner on Nov 4, 2022.
             Was an Initiate of Gozag.
             Demolished by an elephant (18 damage)
             ... on level 9 of the Dungeon on Nov 5, 2022.
             The game lasted 01:08:10 (11682 turns).

ryw the Nimble (Felid Summoner)                    Turns: 11682, Time: 01:08:11

Health: -16/43     AC:  2    Str:  4    XL:     9   Next: 86%
Magic:  21/21      EV: 27    Int: 27    God:    Gozag
Gold:   1255       SH:  0    Dex: 23    Spells: 7/23 levels left
                                        Lives:  0   Deaths: 3

rFire   . . .      SeeInvis +    (weapon unavailable)
rCold   . . .      Faith    .    (shield unavailable)
rNeg    . . .      Spirit   .    (body armour unavailable)
rPois   .          Reflect  .    (helmet unavailable)
rElec   .          Harm     .    (cloak unavailable)
rCorr   .          Rampage  .    (gloves unavailable)
Will    +....                    (boots unavailable)
Stlth   +++.......               l - amulet of magic regeneration
HPRegen 0.27/turn                b - +6 ring of dexterity
MPRegen 0.57/turn                w - +6 ring of intelligence

@: lethally poisoned (-16 -> -32), quick
A: very small, claws 1, fangs 3, see invisible, speed 1, shaggy fur 2, stealthy
paws, no weapons or thrown items, no armour, multi-lived
a: Renounce Religion, Potion Petition, Call Merchant, Bribe Branch


You were on level 9 of the Dungeon.
You worshipped Gozag.
Gozag was most pleased with you.
You visited 3 branches of the dungeon, and saw 11 of its levels.
You also visited: Ossuary.

You collected 1345 gold pieces.
You paid 90 gold pieces to Gozag.

Inventory:

Jewellery
 b - a +6 ring of dexterity (left paw)
 l - an amulet of magic regeneration (around neck)
 w - a +6 ring of intelligence (right paw)
Wands
 f - a wand of roots (17)
 g - a wand of polymorph (6)
 n - a wand of flame (7)
 t - a wand of digging (6)
 y - a wand of paralysis (6)
Scrolls
 e - a scroll of butterflies
 j - 3 scrolls of identify
 r - 5 scrolls of teleportation
 s - 5 scrolls of magic mapping
Potions
 a - 4 potions of magic
 c - a potion of heal wounds
 d - 2 potions of haste
 h - 2 potions of might
 i - 4 potions of mutation
 m - 2 potions of flight
 o - 4 potions of attraction
 p - a potion of invisibility {unknown}
 q - a potion of brilliance
 u - 2 potions of ambrosia
 v - 2 potions of lignification


   Skills:
 + Level 7.3 Fighting
 + Level 10.1 Dodging
 - Level 2.6 Stealth
 + Level 7.6 Spellcasting
 - Level 5.0 Hexes
 + Level 9.0 Summonings
 + Level 6.1 Air Magic


You had 7 spell levels left.
You knew the following spells:

 Your Spells              Type           Power      Damage    Failure   Level
a - Summon Lightning Spi  Summ/Air       50%        N/A       2%          4
b - Summon Guardian Gole  Hex/Summ       48%        N/A       1%          3
c - Call Canine Familiar  Summ           56%        N/A       1%          3
d - Call Imp              Summ           56%        N/A       1%          2
e - Summon Small Mammal   Summ           100%       N/A       1%          1
f - Swiftness             Air            43%        N/A       1%          3

Your spell library contained the following spells:

 Spells                   Type           Power      Damage    Failure   Level
 Shock                    Conj/Air       100%       1d9       1%          1
 Airstrike                Air            21%        2d(4-20)  4%          4
 Leda's Liquefaction      Hex/Erth       11%        N/A       21%         4
 Borgnjor's Vile Clutch   Necr/Erth      5%         N/A       83%         5
 Death Channel            Necr           5%         N/A       100%        6
 Portal Projectile        Hex/Tloc       Unusable   N/A       N/A         3
 Animate Dead             Necr           Unusable   N/A       N/A         4

Dungeon Overview and Level Annotations

Branches:
Dungeon (9/15)             Temple (1/1) D:6            Lair (1/5) D:9
Ossuary (visited)
    Orc: D:9-12

Altars:
Ashenzari
Cheibriados
Dithmenos
Elyvilon
Fedhas
Gozag
Hepliaklqana
Kikubaaqudgha
Makhleb
Nemelex Xobeh
Qazlal
Ru
Sif Muna
Trog
Uskayaw
Vehumet
Wu Jian
Xom
Yredelemnul
Zin
The Shining One

Shops:
D:2 (   D:4 [

Annotations:
D:2 Robin


Innate Abilities, Weirdness & Mutations

You have sharp claws.
You have razor-sharp teeth.
You have supernaturally acute eyesight. (SInv)
You cover ground quickly. (Speed+)
You are covered in thick fur. (AC +2)
Your paws help you pounce on unaware monsters.
You are incapable of wielding weapons or throwing items.
You cannot wear armour.
You gain extra lives every three experience levels.


Message History

There is an open door here.
You now have 1235 gold pieces (gained 17).
Done exploring.
Done exploring.
Done exploring.
There is a large open door here.
You now have 1240 gold pieces (gained 5).
There is an open door, spattered with blood here.
You now have 1255 gold pieces (gained 15).
There is a staircase to the Lair here.
You climb downwards.
Welcome back to the Lair of Beasts!
Your summoned ally is left behind.
The bullfrog hits you but does no damage.
The bullfrog misses you. The wolf bites you. The cane toad misses you.
The elephant completely misses you. The elephant barely misses you.
The bullfrog completely misses you. The bullfrog misses you.
The wolf misses you. The cane toad barely misses you. The wolf bites you.
The bullfrog barely misses you. The elephant misses you. x2
There is a staircase back to the Dungeon, spattered with blood here.
The wolf howls!
The wolf closely misses you. The bullfrog completely misses you.
The wolf closely misses you. The cane toad completely misses you.
The bullfrog barely misses you. The wolf completely misses you.
The elephant tramples you!
You hold your ground!
The elephant closely misses you. The bullfrog misses you.
The elephant misses you. x2; The wolf completely misses you.
The wolf howls!
You climb upwards.
Welcome back to the Dungeon!
Your iron imp disappears in a puff of smoke!
Your wolf disappears in a puff of smoke!
There is a staircase to the Lair here.
Unknown command.
The cane toad stings you!!
Ouch! That really hurt!
* * * LOW HITPOINT WARNING * * *
You are lethally poisoned!
The cane toad poisons you! The wolf misses you. The bullfrog misses you.
The elephant tramples you!!
You die...
Your body crumbles into a pile of gold.

###### ########....#
##.....##....#
#.......#....#
#..h....#....#######
#YFFY...............
#.F@h......########.
#.§.§......#......#.
#..........#......'.
#..........#......#.
#...§...#..#####'##.
#.......#...........
##.....#######......
##...###....#......
#..)#.5.....'......


You could see 2 elephants, a cane toad, 2 wolves and 2 bullfrogs.

Vanquished Creatures (collateral kills)
  4 elephants (D:9)
  Maurice (D:9)
  Maggie (D:9)
  A kobold demonologist (D:9)
  A komodo dragon (D:9)
  5 yaks (D:9)
  A wyvern (D:9)
  A water moccasin (D:7)
  An ice beast (D:8)
  4 black bears
  3 wolves (D:9)
  An ogre (D:6)
  A centaur (D:9)
  A phantom (D:5)
  3 kobold brigands (D:9)
  2 elf zombies (Ossuary)
  2 bullfrogs
  A gnoll sergeant (D:9)
  5 wights (D:8)
  9 killer bees
  6 howler monkeys
  2 hounds
  3 jellies
  A human zombie (Ossuary)
  An orc priest (D:5)
  3 iguanas
  5 orc wizards
  4 mummies (Ossuary)
  4 gnolls
  6 adders
  2 shadow imps
  An ufetubus (D:6)
  2 worms
  A dart slug (D:4)
  27 orcs
  3 bats
  9 endoplasms
  2 giant cockroaches
  10 goblins
  4 hobgoblins (D:2)
  10 kobolds
  2 quokkas
  4 ball pythons
  4 frilled lizards
  2 goblin zombies (Ossuary)
  3 hobgoblin zombies (Ossuary)
  A jackal zombie (Ossuary)
  A kobold zombie (Ossuary)
  An orc zombie (Ossuary)
  2 quokka zombies (D:4)
  4 rats
  A rat zombie (Ossuary)
  A spectral kobold (D:8)
180 creatures vanquished.

Vanquished Creatures (others)
  Grinder (D:6)
  2 yaks (D:9)
  A wyvern (D:9)
  Menkaure (D:6)
  2 vampire mosquitoes (D:7)
  3 orc warriors (D:7)
  A sky beast (D:8)
  A centaur (D:7)
  A gnoll sergeant (D:7)
  A necrophage (D:7)
  An orc priest (D:8)
  A jelly (D:6)
  An iguana (D:6)
  2 orc wizards
  2 gnolls (D:8)
  2 orcs
  77 plants
100 creatures vanquished.

Grand Total: 280 creatures vanquished

Notes
Turn   | Place    | Note
-------+----------+-------------------------------------------
     0 | D:1      | ryw the Felid Summoner began the quest for the Orb.
     0 | D:1      | Reached XP level 1. HP: 7/7 MP: 4/4
   352 | D:1      | Reached XP level 2. HP: 11/11 MP: 3/6
   355 | D:1      | Learned a level 2 spell: Call Imp
   877 | D:2      | Found Jujut's Weapon Shop.
  1189 | D:2      | Noticed Robin
  1193 | D:2      | Reached XP level 3. HP: 12/14 MP: 5/8
  1385 | D:2      | Found a shimmering altar of Xom.
  2080 | D:1      | Learned a level 3 spell: Call Canine Familiar
  2377 | D:3      | Found a white marble altar of Elyvilon.
  2390 | D:3      | Became a worshipper of Elyvilon the Healer
  2610 | D:3      | Identified the +4 short sword "Funtecie" {vorpal, rPois}
  2956 | D:3      | Reached XP level 4. HP: 18/18 MP: 3/9
  3009 | D:3      | Learned a level 3 spell: Summon Guardian Golem
  3110 | D:3      | Found a stormy altar of Qazlal.
  3303 | D:4      | Found Hynig's Armour Emporium.
  3349 | D:3      | Killed from afar by an orc wizard
  3350 | D:3      | Reached XP level 3. HP: -4/14 MP: 0/8
  3370 | D:3      | Reached skill level 3 in Dodging
  3370 | D:3      | Reached skill level 1 in Hexes
  3439 | D:3      | Reached skill level 5 in Summonings
  3439 | D:3      | Reached XP level 4. HP: 17/18 MP: 5/10
  3658 | D:4      | Found a sand-covered staircase.
  3666 | Ossuary  | Entered an ossuary
  3666 | Ossuary  | Reached * piety under Elyvilon
  3703 | Ossuary  | Reached skill level 1 in Fighting
  3729 | Ossuary  | Reached XP level 5. HP: 22/22 MP: 7/11
  3889 | Ossuary  | Reached skill level 4 in Dodging
  3889 | Ossuary  | Gained mutation: You are covered in thick fur. (AC +2)
                  | [Felid growth]
  3889 | Ossuary  | Reached XP level 6. HP: 26/26 MP: 8/12
  4907 | D:5      | Entered Level 5 of the Dungeon
  5099 | D:5      | Reached ** piety under Elyvilon
  5192 | D:5      | Reached XP level 7. HP: 30/30 MP: 11/14
  5394 | D:5      | Learned a level 4 spell: Summon Lightning Spire
  6121 | D:6      | Reached skill level 5 in Dodging
  6121 | D:6      | Reached skill level 1 in Air Magic
  6136 | D:6      | Found a staircase to the Ecumenical Temple.
  6144 | Temple   | Entered the Ecumenical Temple
  6394 | Temple   | Fell from the grace of Elyvilon
  6394 | Temple   | Became a worshipper of Gozag Ym Sagoz the Greedy
  6581 | D:6      | Found a sacrificial altar of Ru.
  6650 | D:6      | Reached skill level 5 in Hexes
  6747 | D:6      | Reached XP level 8. HP: 21/34 MP: 11/15
  6847 | D:6      | Noticed Menkaure
  6854 | D:6      | Killed Menkaure
  7048 | D:6      | Noticed Grinder
  7085 | D:6      | Killed Grinder
  7086 | D:6      | Reached skill level 6 in Dodging
  7086 | D:6      | Reached skill level 5 in Spellcasting
  7649 | D:7      | Reached skill level 7 in Dodging
  7649 | D:7      | Reached XP level 9. HP: 39/39 MP: 14/18
  8415 | D:8      | Found a hazy altar of Hepliaklqana.
  8476 | D:8      | Reached skill level 5 in Fighting
  9350 | D:8      | Reached skill level 8 in Dodging
  9688 | D:8      | Found an ornate altar of the Wu Jian Council.
  9794 | D:9      | Noticed Maggie
  9811 | D:9      | Mangled by Maggie
  9812 | D:9      | Reached XP level 8. HP: -11/38 MP: 11/18
  9988 | D:9      | Noticed a kobold demonologist
  9999 | D:9      | Noticed a soul eater
 10089 | D:9      | Reached XP level 9. HP: 41/41 MP: 16/19
 10182 | D:9      | Noticed Maurice
 10221 | D:9      | Killed Maurice
 10324 | D:9      | Reached skill level 5 in Air Magic
 10354 | D:9      | Found a sparkling altar of Nemelex Xobeh.
 10454 | D:9      | Reached skill level 9 in Dodging
 10699 | D:9      | Found a basalt altar of Yredelemnul.
 10751 | D:9      | Killed Maggie
 10817 | D:9      | Noticed a komodo dragon
 10823 | D:9      | Killed a komodo dragon
 10867 | D:9      | Reached XP level 10. HP: 46/46 MP: 16/21
 10921 | D:9      | Found a staircase to the Lair.
 10938 | D:9      | Learned a level 3 spell: Swiftness
 10945 | Lair:1   | Entered Level 1 of the Lair of Beasts
 10945 | Lair:1   | Noticed an elephant
 10945 | Lair:1   | Noticed an elephant
 10945 | Lair:1   | Noticed an elephant
 10945 | Lair:1   | Noticed an elephant
 10945 | Lair:1   | Noticed an elephant
 10946 | Lair:1   | Noticed an elephant
 10971 | D:9      | Killed an elephant
 11228 | D:9      | Killed an elephant
 11242 | D:9      | Killed an elephant
 11243 | D:9      | Reached skill level 10 in Dodging
 11348 | Lair:1   | Noticed a black mamba
 11367 | D:9      | HP: 2/47 [wolf (5)]
 11494 | Lair:1   | Noticed a cane toad
 11511 | D:9      | Slain by a wolf
 11512 | D:9      | Reached XP level 9. HP: -2/43 MP: 16/21
 11612 | D:9      | Killed an elephant
 11682 | D:9      | HP: 2/43 [cane toad (22)]
 11682 | D:9      | Demolished by an elephant

Illustrated notes

Levels and vault maps discovered:
D:1:      saegor_arrival_simple_b, layout_loops_ring, minmay_octomino_j4
D:2:      layout_loops_ring, serial_shops, nicolae_shop_advertising_works
          [nicolae_subvault_shop_adworks], basic_altar, kennysheep_small_spiral,
          uniq_robin
D:3:      layout_rooms, nicolae_qazlal_eye_of_the_storm,
          overflow_temple_1_default, minmay_curled_crystal,
          kennysheep_generic_room_6
D:4:      layout_loops_ring, enter_ossuary_4, serial_shops,
          nicolae_stop_n_shop_2, minmay_misc_feat_tiny, glass_columns_b,
          nicolae_elevator_lobby_asterisk
D:5:      layout_rooms
D:6:      layout_basic, mainiacjoe_overflow_concentric_impassable,
          minmay_temple_entry_junction_2, st_stairs_7, uniq_grinder,
          uniq_menkaure
D:7:      layout_basic
D:8:      layout_rooms, nicolae_hepliaklqana_monster_ancestors,
          mainiacjoe_overflow_alcove_4
D:9:      layout_irregular_city, mainiacjoe_overflow_catch_the_wave,
          david_lair_shrubbed, uniq_maurice, uniq_maggie
Temple:   dpeg_chambers_temple
Lair:1:   layout_hall_layers, serial_rivers, chequers_serial_rivers_small_3,
          chequers_serial_rivers_micro_d, chequers_serial_rivers_micro_c,
          chequers_serial_rivers_small_3, chequers_serial_rivers_micro_c,
          chequers_serial_rivers_room_b

Skill      XL: |  1  2  3  4  5  6  7  8  9 10 |
---------------+-------------------------------+-----
Spellcasting   | 3 4 5 7 |  7.6
Dodging        | 3 4 5 7 9 10 | 10.1
Hexes          | 1 2 3 5 |  5.0
Summonings     | 5 6 9 |  9.0
Fighting       | 1 2 3 4 6 7 |  7.3
Air Magic      | 1 3 5 6 |  6.1
Stealth        | |  2.6

Action                   |  1- 3 |  4- 6 |  7- 9 | 10-12 || total
-------------------------+-------+-------+-------+-------++-------
Melee: Unarmed           |     2 |       |       |       ||     2
 Cast: Summon Small Mamm |    74 |    49 |    49 |       ||   172
       Call Imp          |    16 |       |    34 |     2 ||    52
       Call Canine Famil |     7 |    23 |    68 |     5 ||   103
       Summon Guardian G |       |       |    62 |     6 ||    68
       Summon Lightning  |       |       |    25 |     7 ||    32
       Swiftness         |       |       |       |     1 ||     1
  Use: Scroll            |    11 |     6 |     8 |     2 ||    27
       Potion            |     1 |       |     2 |     1 ||     4
Armor: Skin              |     6 |     1 |     3 |     3 ||    13
Dodge: Dodged            |    41 |    23 |   146 |    90 ||   300

Table legend: (Time is in decaauts)
 A = Elapsed time spent in this place.
 B = Non-inter-level travel time spent in this place.
 C = Inter-level travel time spent in this place.
 D = Time resting spent in this place.
 E = Time spent auto-exploring this place.
 F = Levels seen in this place.
 G = Mean time per level.
                   A        B        C        D        E       F      G
               +--------+--------+--------+--------+--------+-----+--------+
         Total |  10413 |   9948 |    465 |   1779 |   5591 |  12 |  867.8 |
       Dungeon |   9805 |   9361 |    444 |   1779 |   5199 |   9 | 1089.4 |
        Temple |    218 |    197 |     21 |      0 |    178 |   1 |  218.0 |
          Lair |     41 |     41 |      0 |      0 |      0 |   1 |   41.0 |
       Ossuary |    348 |    348 |      0 |      0 |    213 |   1 |  348.0 |
               +--------+--------+--------+--------+--------+-----+--------+

Top non-repeatable levels by time:
     D:9: 1574 daAuts
     D:7: 1370 daAuts
     D:2: 1207 daAuts
     D:3: 1143 daAuts
     D:4: 1075 daAuts
     D:6: 1023 daAuts
     D:8: 837 daAuts
     D:5: 802 daAuts
     D:1: 770 daAuts
 Ossuary: 348 daAuts
  Temple: 218 daAuts
  Lair:1: 41 daAuts
